 Dungeon Crawl Stone Soup version 0.25.1-2-g60ff931df9 (webtiles) character file.

Game seed: 429323254548136666

313 gruber the Stinger (level 6, -1/36 HPs)
             Began as an Octopode Venom Mage on Sept 21, 2020.
             Slain by an orc wizard
             ... wielding a +0 trident
              (6 damage)
             ... on level 4 of the Dungeon.
             The game lasted 00:04:25 (4838 turns).

gruber the Stinger (Octopode Venom Mage)            Turns: 4838, Time: 00:04:26

Health: -1/36      AC:  3    Str:  7    XL:     6   Next: 43%
Magic:  7/10       EV: 13    Int: 20    God:
Gold:   22         SH:  0    Dex: 12    Spells: 3/11 levels left

rFire    . . .     SeeInvis .   f - +3 spear
rCold    . . .     Gourm    .   (no shield)
rNeg     . . .     Faith    .   r - +2 hat
rPois    .         Spirit   .   e - amulet of the acrobat
rElec    .         Reflect  .   a - ring of attention (curse)
rCorr    .         Harm     .   (no ring)
MR       .....                  (no ring)
Stlth    ++........             (no ring)
HPRegen  0.12/turn              (no ring)
MPRegen  0.12/turn              (no ring)
                                (no ring)
                                (no ring)

@: no status effects
A: almost no armour, stealthy swim, amphibious, 8 rings, constrict 8, camouflage
1, gelatinous body 1
a: no special abilities


You were on level 4 of the Dungeon.
You were not hungry.

You visited 1 branch of the dungeon, and saw 4 of its levels.
You also visited: Sewer.

You collected 202 gold pieces.
You spent 180 gold pieces at shops.

Inventory:

Hand Weapons
 f - a +3 spear (weapon)
Armour
 r - a +2 hat (worn)
Jewellery
 a - a cursed ring of attention (left tentacle)
 e - an amulet of the acrobat (around mantle)
Scrolls
 c - a scroll of amnesia {unknown}
 d - 4 scrolls of identify
 g - 2 scrolls of remove curse {unknown}
 k - 2 scrolls of enchant armour {unknown}
 l - 3 scrolls of fear {unknown}
 m - a scroll of noise {unknown}
 n - a scroll of fog {unknown}
 p - 3 scrolls of teleportation {unknown}
 t - a scroll of magic mapping {unknown}
 u - a scroll of blinking {unknown}
Potions
 h - a potion of berserk rage {unknown}
 i - a potion of ambrosia {unknown}
 j - a potion of curing {unknown}
 o - 2 potions of flight {unknown}
 q - a potion of haste
 v - a potion of might {unknown}
Comestibles
 b - 6 rations
 s - a chunk of flesh


   Skills:
 - Level 2.0 Dodging
 - Level 2.6 Stealth
 - Level 3.2 Spellcasting
 - Level 1.0 Transmutations
 * Level 7.7 Poison Magic


You had 3 spell levels left.
You knew the following spells:

 Your Spells              Type           Power        Failure   Level  Hunger
a - Sting                 Tmut/Pois      ###.         2%          1    None
b - Olgreb's Toxic Radia  Pois           ####....     6%          4    ####...
c - Ignite Poison         Fire/Tmut/Pois ##......     13%         3    ###....

Your spell library contained the following spells:

 Spells                   Type           Power        Failure   Level  Hunger
 Poisonous Vapours        Pois/Air       ###...       4%          2    ##.....
 Mephitic Cloud           Conj/Pois/Air  ##......     14%         3    ###....


Dungeon Overview and Level Annotations

Branches:
Dungeon (4/15)              Sewer (visited)
 Temple: D:4-7

Altars:
Elyvilon
Gozag

Shops:
D:4 ?[


Innate Abilities, Weirdness & Mutations

You cannot wear most types of armour.
You are very stealthy in the water. (Stealth+)
You are amphibious.
You can wear up to eight rings at the same time.
You can use your tentacles to constrict eight enemies at once.
Your skin changes colour to match your surroundings (Stealth+).
Your rubbery body absorbs attacks. (AC +1, EV +1)


Message History

Something hits you but does no damage.
You closely miss something. Something hits you.
You closely miss something. Something barely misses you.
You closely miss something.
You hear some strange, mumbled words.
A magic dart appears from out of thin air!
The magic dart hits you.
You barely miss something. Something hits you.
You closely miss something. Something barely misses you.
You hit something. Something hits you.
* * * LOW HITPOINT WARNING * * *
Casting: Olgreb's Toxic Radiance (quite dangerous; 6% risk of failure)
Confirm with . or Enter, or press ? or * to list all spells.
You can't see any susceptible monsters within range! (Use Z to cast anyway.)
Casting: Olgreb's Toxic Radiance (quite dangerous; 6% risk of failure)
Confirm with . or Enter, or press ? or * to list all spells.
Aiming: Sting (safe; 2% risk of failure)
Press: ? - help, Shift-Dir - straight line The sting hits something.
Something hits you.
You die...

. ..... ...
...
..)#+#####)#
........##)#
......#.##.#
#......∩...#
#.....#.#..#
#.......##{#
.........#@#
.........#.#
.........#.#
#........#.#
#..........#
##########†#
#.# #.# #.#


There were no monsters in sight!

Vanquished Creatures
  A scorpion (D:4)
  An orc wizard (D:3)
  A hound skeleton (D:4)
  4 gnolls (D:3)
  A river rat (Sewer)
  4 adders
  An ooze (D:3)
  4 worms
  2 dart slugs
  3 leopard geckos
  13 orcs
  4 ball pythons
  8 giant cockroaches
  8 goblins
  9 hobgoblins
  3 jackals (D:2)
  3 quokkas
  5 bats
  14 frilled lizards
  12 kobolds
  13 rats
114 creatures vanquished.

Notes
Turn   | Place    | Note
-------+----------+-------------------------------------------
     0 | D:1      | gruber the Octopode Venom Mage began the quest for the Orb.
     0 | D:1      | Reached XP level 1. HP: 11/11 MP: 3/3
   212 | D:1      | Reached skill level 4 in Poison Magic
   346 | D:1      | Reached XP level 2. HP: 16/17 MP: 3/5
  1204 | D:2      | Reached skill level 5 in Poison Magic
  1204 | D:2      | Reached XP level 3. HP: 9/21 MP: 2/6
  2179 | D:2      | Reached XP level 4. HP: 27/27 MP: 7/7
  2417 | D:2      | Reached skill level 6 in Poison Magic
  2430 | D:2      | Learned a level 4 spell: Olgreb's Toxic Radiance
  3016 | D:3      | Reached XP level 5. HP: 24/31 MP: 4/9
  3753 | D:3      | Learned a level 3 spell: Ignite Poison
  4113 | D:4      | Found an opulent altar of Gozag.
  4218 | D:4      | Found a white marble altar of Elyvilon.
  4229 | D:4      | Found Xurefob's Antique Armour Shoppe.
  4237 | D:4      | Bought a glowing hat for 154 gold pieces
  4300 | D:4      | Reached skill level 7 in Poison Magic
  4302 | D:4      | Found a glowing drain.
  4304 | D:4      | Reached XP level 6. HP: 36/36 MP: 10/10
  4317 | Sewer    | Entered a sewer
  4761 | D:4      | Found Unlitoi's Magic Scroll Emporium.
  4806 | D:4      | Bought a scroll of identify for 26 gold pieces
  4838 | D:4      | Slain by an orc wizard

Illustrated notes

Levels and vault maps discovered:
D:1:      dpeg_arrival_another_circle, layout_loops_cross,
          kennysheep_minor_cross
D:2:      layout_loops_corners, first_ration
D:3:      layout_loops_ring, minmay_cut_off
D:4:      layout_basic, lemuel_doored_altar, old_standard_altar,
          overflow_temple_1_default, minmay_temple_entry_arrows,
          gup_sewer_entry_pipe, serial_shops, shop, nicolae_shop_crystal,
          nicolae_shop_trees, nicolae_shop_stone, shop_fountains

Skill      XL: |  1  2  3  4  5 |
---------------+----------------+-----
Poison Magic   | 4 5 6 7 |  7.7
Spellcasting   | 3 |  3.2
Dodging        | |  2.0
Stealth        | |  2.6
Transmutations | |  1.0

Action                   |  1- 3 |  4- 6 || total
-------------------------+-------+-------++-------
Melee: Unarmed           |    85 |    42 ||   127
       Constrict         |    24 |    34 ||    58
       Tentacles         |    12 |    24 ||    36
       Spear             |       |    99 ||    99
 Cast: Sting             |    14 |    15 ||    29
       Olgreb's Toxic Ra |       |     8 ||     8
 Stab: Sleeping          |     8 |    16 ||    24
  Eat: Chunk             |     4 |    10 ||    14
Armor: Skin              |     1 |    12 ||    13
Dodge: Dodged            |    65 |    56 ||   121
